 Dungeon Crawl Stone Soup version 0.25-a0-105-g2289b3b9f1 (webtiles) character file.

Game seed: 17536025627504270431, levelgen mode: deterministic

37 vurker the Magician (level 3, 0/25 HPs)
             Began as a Mummy Fire Elementalist on Nov 16, 2019.
             Slain by an adder (2 damage)
             ... on level 2 of the Dungeon.
             The game lasted 00:01:58 (1355 turns).

vurker the Magician (Mummy Fire Elementalist)       Turns: 1355, Time: 00:01:58

Health: 0/25       AC:  3    Str: 11    XL:     3   Next: 21%
Magic:  1/7        EV: 12    Int: 15    God:
Gold:   68         SH:  0    Dex: 12    Spells: 5/8 levels left

rFire    x . .     SeeInvis .   (no weapon)
rCold    + . .     Gourm    .   (no shield)
rNeg     + + +     Faith    .   a - +0 robe
rPois    ∞         Spirit   .   (no helmet)
rElec    .         Reflect  .   (no cloak)
rCorr    .         Harm     .   (no gloves)
MR       .....                  e - +0 pair of boots
Stlth    ++........             (no amulet)
HPRegen  0.08/turn              (no ring)
MPRegen  0.10/turn              (no ring)

@: no status effects
A: no food or potions, fire vulnerability, cold resistance 1, negative energy
resistance 3, torment resistance, unbreathing
a: no special abilities


You were on level 2 of the Dungeon.
You were not hungry.

You visited 1 branch of the dungeon, and saw 2 of its levels.

You collected 68 gold pieces.

Inventory:

Armour
 a - a +0 robe (worn)
 e - a +0 pair of boots (worn)
   (You found it on level 2 of the Dungeon)
Scrolls
 b - 4 scrolls of teleportation {unknown}
 c - a scroll of magic mapping {unknown}
 d - a scroll of identify {unknown}
 f - a scroll of fear {unknown}


   Skills:
 + Level 0.8 Fighting
 - Level 1.5 Dodging
 - Level 1.5 Stealth
 * Level 3.3 Spellcasting
 * Level 1.5 Conjurations
 * Level 2.8 Fire Magic


You had 5 spell levels left.
You knew the following spells:

 Your Spells              Type           Power        Failure   Level  Hunger
a - Flame Tongue          Conj/Fire      #....        9%          1    N/A
b - Throw Flame           Conj/Fire      #.....       12%         2    N/A

Your spell library contained the following spells:

 Spells                   Type           Power        Failure   Level  Hunger
 Conjure Flame            Conj/Fire      #.......     24%         3    N/A
 Inner Flame              Hex/Fire       #.......     32%         3    N/A
 Sticky Flame             Conj/Fire      #.......     63%         4    N/A
 Fireball                 Conj/Fire      #.........   92%         5    N/A

Dungeon Overview and Level Annotations

Branches:
Dungeon (2/15)

Altars:


Innate Abilities, Weirdness & Mutations

You do not eat or drink.
Your flesh is vulnerable to fire.
You are immune to poison.
Your flesh is cold resistant. (rC+)
You are immune to negative energy. (rN+++)
You are immune to unholy pain and torment.
You can survive without breathing.


Message History

The flame tongue hits the hobgoblin!
You kill the hobgoblin!
You don't have enough magic to cast that spell.
The goblin is too close now for your liking.
You see here a hobgoblin corpse.
You don't have enough magic to cast that spell.
You hit the goblin. The goblin hits you.
You hit the goblin but do no damage. The goblin hits you.
You closely miss the goblin. The goblin hits you but does no damage.
You hit the goblin. The goblin misses you.
You hit the goblin but do no damage. The goblin hits you but does no damage.
You closely miss the goblin. The goblin barely misses you.
You barely miss the goblin. The goblin hits you.
Aim: a goblin (heavily wounded)
The flame tongue hits the goblin.
You kill the goblin!
You don't have enough magic to cast that spell.
You see here a hunting sling.
The goblin misses you.
The goblin shouts! x2
The goblin hits you.
You hear a shout!
The goblin hits you.
The adder hisses angrily.
Aim: an adder The flame tongue hits the adder!
The adder misses you. The goblin closely misses you. The adder bites you.
* * * LOW HITPOINT WARNING * * *
Aim: an adder (almost dead)
The flame tongue misses the adder.
The goblin barely misses you. The adder bites you.
* * * LOW HITPOINT WARNING * * *
You hit the adder but do no damage. The goblin barely misses you.
The adder misses you.
You miss the adder. The adder closely misses you. The goblin hits you.
* * * LOW HITPOINT WARNING * * *
You miss the adder. The adder barely misses you. The goblin barely misses you.
The adder bites you.
* * * LOW HITPOINT WARNING * * *
You barely miss the adder. The goblin barely misses you. The adder bites you.
* * * LOW HITPOINT WARNING * * *
You miss the adder. The adder closely misses you.
The goblin hits you but does no damage.
You closely miss the adder. The adder closely misses you.
The goblin closely misses you. The adder closely misses you.
You closely miss the adder. The goblin misses you.
The adder closely misses you.
You barely miss the adder. The adder misses you. The goblin barely misses you.
You hit the adder. The adder bites you.
You die...

##..#.. ######..#..#
########....%.#.(##
#........#####..##. #.########
#...###. ## #####.# #.### #.
.< #.....##########.#####. .#
########.######g....#...)..†$.
.#
#.....<.....S@gg........#####.
.###...###########g....#####
##.. .....### ###........#
#... ####.# #####...#......#
#... #.# ##.....###......#
#... #.###..###...g......#
#..g ###.##..#..!.####>....#
#### ##.........#### #.#####
#.. #....####### #.# #.#


You could see an adder, a hobgoblin and 3 goblins.

Vanquished Creatures
  Robin (D:2)
  A leopard gecko (D:1)
  A giant cockroach (D:2)
  7 goblins
  5 hobgoblins
  2 bats (D:1)
  2 frilled lizards (D:1)
  A kobold (D:1)
  3 rats (D:1)
23 creatures vanquished.

Notes
Turn   | Place    | Note
-------+----------+-------------------------------------------
     0 | D:1      | vurker the Mummy Fire Elementalist began the quest for the
                  | Orb.
     0 | D:1      | Reached XP level 1. HP: 13/13 MP: 4/4
   304 | D:1      | Reached skill level 1 in Conjurations
   363 | D:1      | Reached XP level 2. HP: 20/20 MP: 1/5
   527 | D:1      | Learned a level 2 spell: Throw Flame
   663 | D:1      | Reached skill level 3 in Spellcasting
  1045 | D:2      | Noticed Robin
  1301 | D:2      | Killed Robin
  1301 | D:2      | Reached XP level 3. HP: 23/25 MP: 0/7
  1350 | D:2      | HP: 1/25 [adder (3)]
  1355 | D:2      | Slain by an adder

Levels and vault maps discovered:
D:1:      roderic_octagonal_star, layout_basic, minmay_close_crescents
D:2:      layout_rooms, first_ration, uniq_robin

Skill      XL: |  1  2 |
---------------+-------+-----
Conjurations   | 1 |  1.5
Spellcasting   | 3 |  3.3
Fighting       | |  0.8
Dodging        | |  1.5
Stealth        | |  1.5
Fire Magic     | |  2.8

Action                   || total
-------------------------++-------
Melee: Unarmed           ||    18
 Cast: Flame Tongue      ||    38
Armor: Robe              ||     4
Dodge: Dodged            ||    29

Table legend:
 A = Non-vault XP
 B = Vault XP
 C = Vault XP percentage of total XP
 D = Non-vault monster count
 E = Vault monster count
 F = Vault count percentage of total count
                 A         B        C        D         E       F
            +---------+---------+-------+---------+---------+-------
      Total |      25 |      28 |  52.8 |      15 |       8 |  34.8
            +---------+---------+-------+---------+---------+-------
        D:1 |      17 |       9 |  34.6 |      11 |       5 |  31.2
        D:2 |       8 |      19 |  70.4 |       4 |       3 |  42.9
            +---------+---------+-------+---------+---------+-------
